[Event "Titled Tuesday Blitz August 1 Early 2023"]
[White "Rahman, Masruri"]
[Black "Necromon"]
[WhiteFideId "7101163"]
[WhiteElo "2784"]
[BlackElo "2464"]
[Result "1-0"]
[Round "2"]
[TimeControl "180+1"]
[Date "2023.08.01"]
[WhiteClock "0:01:27"]
[BlackClock "0:00:51"]
[Board "121"]

1. d4 d5 2. Bf4 Nf6 3. e3 c5 4. Nc3 Nc6 5. Nb5 e5 6. dxe5 Ne4 7. Qxd5 Qxd5 8. Nc7+ Kd8 9. Nxd5 Be6 10. Rd1 Kc8 11. f3 g5 12. fxe4 gxf4 13. exf4 Bh6 14. f5 Bd7 15. Nf3 Nd8 16. Be2 1-0


[Site "https://www.chess.com"]

[Event "Titled Tuesday Blitz August 1 Early 2023"]
[White "Dinu, Dumitru-Daniel"]
[Black "Fantastic_Power"]
[WhiteFideId "1208403"]
[WhiteElo "2462"]
[BlackElo "2750"]
[Result "0-1"]
[Round "2"]
[TimeControl "180+1"]
[Date "2023.08.01"]
[WhiteClock "0:00:06"]
[BlackClock "0:00:46"]
[Board "122"]

1. e4 c5 2. Nf3 Nc6 3. d4 cxd4 4. Nxd4 Nf6 5. Nc3 e6 6. Ndb5 Bc5 7. Bf4 O-O 8. Bc7 Qe7 9. Bd6 Bxd6 10. Qxd6 Qd8 11. O-O-O a6 12. Nd4 Ne7 13. h4 b5 14. h5 Ne8 15. Qg3 Bb7 16. Bd3 Qc7 17. Qxc7 Nxc7 18. f3 h6 19. Nb3 Nc6 20. Nc5 Bc8 21. Be2 Rd8 22. Rd2 Kf8 23. Rhd1 Ke7 24. f4 d6 25. Nb3 Bb7 26. Bf3 b4 27. Ne2 a5 28. Nbd4 Nxd4 29. Nxd4 d5 30. exd5 Bxd5 31. Bxd5 Rxd5 32. Nc6+ Kf6 33. g4 Ra6 34. Rxd5 Nxd5 35. Ne5 Nxf4 36. Nd7+ Kg5 37. Nc5 Rc6 38. Ne4+ Kxg4 39. Rg1+ Kf5 40. Ng3+ Ke5 41. Re1+ Kf6 42. Ne4+ Ke7 43. Rf1 e5 44. Ng3 Ke6 45. Re1 Nd3+ 46. Kd1 Nxe1 47. Kxe1 f5 0-1


[Site "https://www.chess.com"]

[Event "Titled Tuesday Blitz August 1 Early 2023"]
[White "Gaal, Zsoka"]
[Black "carokannlover213"]
[WhiteFideId "777765"]
[WhiteElo "2453"]
[BlackElo "2744"]
[Result "0-1"]
[Round "2"]
[TimeControl "180+1"]
[Date "2023.08.01"]
[WhiteClock "0:00:00"]
[BlackClock "0:00:08"]
[Board "123"]

1. Nf3 d6 2. g3 e5 3. Bg2 Nc6 4. O-O Bd7 5. d4 Qc8 6. c4 Bh3 7. Nc3 h5 8. dxe5 h4 9. exd6 Bxd6 10. Ne4 Be7 11. Bf4 f6 12. Qd5 Bxg2 13. Kxg2 g5 14. Bxg5 fxg5 15. Nfxg5 Nh6 16. Rad1 Rg8 17. Ne6 Rg6 18. Nf4 Rg8 19. Qh5+ Nf7 20. Rd5 Qg4 21. Qxg4 Rxg4 22. f3 Rg8 23. Ne6 Rc8 24. Rfd1 Ncd8 25. Nd4 hxg3 26. hxg3 c6 27. Rh5 Ng5 28. Nf5 Nxe4 29. fxe4 Nf7 30. Rh7 Rd8 31. Rf1 Bf6 32. Ne3 Rd6 33. c5 Re6 34. Nc4 Rh8 35. Rxh8+ Bxh8 36. e5 Bxe5 37. Nxe5 Rxe5 0-1


[Site "https://www.chess.com"]

[Event "Titled Tuesday Blitz August 1 Early 2023"]
[White "Gatterer, Florian"]
[Black "Vakhlamov, Igor L."]
[WhiteFideId "811688"]
[BlackFideId "24126748"]
[WhiteElo "2434"]
[BlackElo "2738"]
[Result "1/2-1/2"]
[Round "2"]
[TimeControl "180+1"]
[Date "2023.08.01"]
[WhiteClock "0:00:29"]
[BlackClock "0:00:11"]
[Board "124"]

1. b3 e5 2. c4 Nf6 3. Bb2 Nc6 4. Nf3 e4 5. Nd4 Bc5 6. e3 O-O 7. Nxc6 dxc6 8. Be2 a5 9. a3 Qe7 10. Nc3 Rd8 11. Qc2 Bf5 12. Na4 Bd6 13. c5 Be5 14. Bxe5 Qxe5 15. Qc3 Qe7 16. O-O h5 17. h3 h4 18. f4 Rd7 19. Rfd1 g6 20. Nb2 Nd5 21. Qc2 g5 22. fxg5 Qxg5 23. Kh1 Kh7 24. Rf1 Rg8 25. Rf2 Bg6 26. Raf1 f5 27. Nc4 Qe7 28. Nxa5 Ra8 29. b4 Qe5 30. Nc4 Qg3 31. Rxf5 Bxf5 32. Rxf5 Re8 33. Bg4 Qe1+ 34. Kh2 Rg7 35. Rh5+ Kg8 36. Qb2 Qg3+ 37. Kh1 Qf2 38. Qd4 Qe1+ 39. Kh2 Qg3+ 40. Kh1 Qe1+ 41. Kh2 Qg3+ 42. Kh1 Qe1+ 1/2-1/2


[Site "https://www.chess.com"]

[Event "Titled Tuesday Blitz August 1 Early 2023"]
[White "Ardelean, George-Catalin"]
[Black "Swicarz, Maciej"]
[WhiteFideId "1207091"]
[BlackFideId "1113585"]
[WhiteElo "2706"]
[BlackElo "2427"]
[Result "1-0"]
[Round "2"]
[TimeControl "180+1"]
[Date "2023.08.01"]
[WhiteClock "0:00:57"]
[BlackClock "0:00:06"]
[Board "125"]

1. d4 Nf6 2. Bf4 d5 3. e3 c5 4. Nc3 a6 5. dxc5 Nc6 6. a3 e5 7. Bg5 Be6 8. b4 Be7 9. Nf3 O-O 10. Be2 Qd7 11. Na4 Rad8 12. Nb6 Qc7 13. O-O Rfe8 14. Qc1 Ne4 15. Bxe7 Rxe7 16. c4 d4 17. exd4 Nxd4 18. Nxd4 exd4 19. Bd3 Nf6 20. Qg5 h6 21. Qg3 Qc6 22. Rfe1 Rde8 23. Re5 Nd7 24. Nxd7 Bxd7 25. Rae1 Rxe5 26. Rxe5 Re6 27. h3 f6 28. Rd5 Be8 29. Rxd4 Bf7 30. Rd6 Qe8 31. Kh2 g5 32. Rxe6 Bxe6 33. Qd6 Qf7 34. c6 bxc6 35. Qxc6 Kg7 36. c5 h5 37. Bxa6 h4 38. Qb7 1-0


[Site "https://www.chess.com"]

[Event "Titled Tuesday Blitz August 1 Early 2023"]
[White "Koellner, Ruben Gideon"]
[Black "Rodriguez Fontecha, Marcos"]
[WhiteFideId "12993093"]
[BlackFideId "2256576"]
[WhiteElo "2689"]
[BlackElo "2407"]
[Result "1-0"]
[Round "2"]
[TimeControl "180+1"]
[Date "2023.08.01"]
[WhiteClock "0:00:06"]
[BlackClock "0:00:02"]
[Board "126"]

1. d4 Nf6 2. Nf3 d6 3. Nbd2 g6 4. e4 Bg7 5. Bc4 O-O 6. O-O Nxe4 7. Nxe4 d5 8. Bd3 dxe4 9. Bxe4 c6 10. c3 Bg4 11. h3 Bxf3 12. Qxf3 Nd7 13. Re1 Nf6 14. Bc2 Qd7 15. Bf4 Rfe8 16. Bb3 e6 17. h4 h5 18. Bc2 Ng4 19. Rad1 Qd5 20. Qxd5 cxd5 21. f3 Nf6 22. Kf2 a6 23. a3 b5 24. Bd3 Rec8 25. Rh1 Ra7 26. Rdg1 Rb7 27. g4 a5 28. Be5 hxg4 29. fxg4 Ne4+ 30. Bxe4 dxe4 31. Bxg7 Kxg7 32. Ke3 b4 33. axb4 axb4 34. Rc1 bxc3 35. bxc3 Rb3 36. Kd2 f5 37. h5 f4 38. h6+ Kf6 39. h7 Kg7 40. Rc2 Rh8 41. Ra1 Kxh7 42. g5 Rhb8 43. Rf1 Rf8 44. Ra2 Rf5 45. Ra7+ Kg8 46. Ra8+ Kf7 47. Rh1 Ke7 48. Rh7+ Kd6 49. Ra6+ Kd5 50. Rd7+ Kc4 51. Rc7+ Kb5 52. Rxe6 Rb2+ 53. Kc1 Rh2 54. Rxe4 f3 55. Re1 f2 56. Rf1 Rg2 57. Kd2 Rgxg5 58. Rc8 Rg1 59. Ke2 Rxf1 60. Kxf1 Rf3 61. Rc5+ Ka4 62. d5 Kb3 63. d6 Rd3 64. Rc6 g5 65. Kxf2 Ka4 66. c4 Kb4 67. c5 Kb5 68. Rc7 Rd5 69. d7 g4 70. c6 Rf5+ 71. Kg3 Rd5 72. Rc8 1-0


[Site "https://www.chess.com"]

[Event "Titled Tuesday Blitz August 1 Early 2023"]
[White "FREDERICKtheMATE"]
[Black "Skatchkov, Pavel"]
[BlackFideId "4121848"]
[WhiteElo "2391"]
[BlackElo "2636"]
[Result "1-0"]
[Round "2"]
[TimeControl "180+1"]
[Date "2023.08.01"]
[WhiteClock "0:00:32"]
[BlackClock "0:00:01"]
[Board "127"]

1. Nf3 d5 2. g3 Nd7 3. d4 Nb6 4. Bg2 Nf6 5. O-O Bf5 6. b3 e6 7. Bb2 c6 8. Nbd2 h6 9. Ne5 Be7 10. c4 O-O 11. c5 Nbd7 12. f4 Rc8 13. b4 a5 14. a3 b6 15. h3 Bh7 16. Qa4 Qc7 17. Bc3 Nxe5 18. fxe5 Nd7 19. e4 f6 20. exd5 cxd5 21. exf6 Nxf6 22. Rf3 Ne4 23. Nxe4 Bxe4 24. cxb6 Qxb6 25. Rxf8+ Bxf8 26. Qb3 axb4 27. axb4 Qc7 28. Be1 Qb6 29. Bc3 Bxg2 30. Kxg2 Rc4 31. b5 Qc7 32. b6 Qb8 33. b7 Rc7 34. Rb1 Bd6 35. Ba5 Rf7 36. g4 Re7 37. Qb6 Kh7 38. Qxd6 Qxd6 39. b8=Q Qa3 40. Qb4 Qd3 41. Qxe7 Qc2+ 42. Kg3 Qd3+ 43. Kh4 Qxb1 44. Qxe6 Qc2 45. Qf5+ Qxf5 46. gxf5 Kg8 47. Bc7 Kf7 48. Be5 g6 49. fxg6+ Kxg6 50. Kg4 h5+ 51. Kf4 Kh6 52. Kf5 1-0


[Site "https://www.chess.com"]

[Event "Titled Tuesday Blitz August 1 Early 2023"]
[White "Komov, Roman"]
[Black "Tymrakiewicz, Rafal"]
[WhiteFideId "24175714"]
[BlackFideId "1108832"]
[WhiteElo "2631"]
[BlackElo "2372"]
[Result "0-1"]
[Round "2"]
[TimeControl "180+1"]
[Date "2023.08.01"]
[WhiteClock "0:00:00"]
[BlackClock "0:00:06"]
[Board "128"]

1. g3 d5 2. Bg2 g6 3. c4 d4 4. d3 Bg7 5. Nf3 e5 6. O-O Ne7 7. b4 O-O 8. Nbd2 c5 9. bxc5 Nbc6 10. Nb3 h6 11. e3 Bg4 12. exd4 exd4 13. h3 Bf5 14. g4 Be6 15. Bf4 Re8 16. Re1 g5 17. Bg3 Ng6 18. Qd2 Qd7 19. Bd6 Kh7 20. Re2 f5 21. Nxg5+ hxg5 22. Qxg5 Bh6 23. Qh5 Bf7 24. g5 Rxe2 25. Qxe2 Bxg5 26. Qh5+ Bh6 27. Bxc6 bxc6 28. Nxd4 Nf4 29. Qf3 Rg8+ 30. Kf1 Bh5 31. Qh1 Nxd3 32. Qxc6 Qg7 33. Qh1 Qxd4 34. Qb7+ Rg7 0-1


[Site "https://www.chess.com"]

[Event "Titled Tuesday Blitz August 1 Early 2023"]
[White "Adury, Anant"]
[Black "Wieczorek, Oskar"]
[WhiteFideId "30964687"]
[BlackFideId "1133950"]
[WhiteElo "2357"]
[BlackElo "2631"]
[Result "0-1"]
[Round "2"]
[TimeControl "180+1"]
[Date "2023.08.01"]
[WhiteClock "0:00:02"]
[BlackClock "0:01:15"]
[Board "129"]

1. Nf3 c5 2. g3 g6 3. Bg2 Bg7 4. O-O Nc6 5. c4 e5 6. Nc3 Nge7 7. d3 d6 8. Re1 O-O 9. Nd2 Be6 10. Nf1 d5 11. cxd5 Nxd5 12. Ne4 b6 13. Ng5 Bc8 14. Ne3 Nde7 15. Nc4 Rb8 16. Ne4 Nf5 17. a4 Nb4 18. Bd2 Nd4 19. Bxb4 cxb4 20. e3 Ne6 21. Qe2 f5 22. Ned6 Ba6 23. Qd2 Nc5 24. Red1 Nb3 25. Qe2 Nxa1 26. Bd5+ Kh8 27. Nf7+ Rxf7 28. Bxf7 Nb3 0-1


[Site "https://www.chess.com"]

[Event "Titled Tuesday Blitz August 1 Early 2023"]
[White "Belov, Alexei"]
[Black "Slavin, Alexey"]
[WhiteFideId "4128206"]
[BlackFideId "24104388"]
[WhiteElo "2615"]
[BlackElo "2356"]
[Result "1-0"]
[Round "2"]
[TimeControl "180+1"]
[Date "2023.08.01"]
[WhiteClock "0:00:25"]
[BlackClock "0:00:00"]
[Board "130"]

1. e4 Nc6 2. Nf3 d6 3. d4 Nf6 4. Nbd2 Bg4 5. c3 e5 6. Bb5 exd4 7. cxd4 a6 8. Bxc6+ bxc6 9. h3 Bd7 10. O-O Be7 11. e5 Nd5 12. Ne4 O-O 13. Bg5 Bf5 14. Bxe7 Qxe7 15. Re1 Rfe8 16. Qa4 Qd7 17. Ng3 Bg6 18. Rac1 Ne7 19. Re3 d5 20. Ng5 Reb8 21. b3 a5 22. e6 fxe6 23. Nxe6 Rb4 24. Qa3 Nf5 25. Nxf5 Bxf5 26. Nc5 Qd6 27. Qb2 Rf8 28. a3 Rbb8 29. Rce1 Bd7 30. Re7 Bf5 31. Qd2 Qf6 32. Rxc7 Rbe8 33. Re3 Qd6 34. Ra7 Rxe3 35. Qxe3 Qg6 36. Nd7 Re8 37. Ne5 Qf6 38. Rxa5 Be4 39. f3 Bc2 40. b4 Bf5 41. Ra6 Re6 42. Ra8+ 1-0


[Site "https://www.chess.com"]

[Event "Titled Tuesday Blitz August 1 Early 2023"]
[White "Havlik, Jan"]
[Black "Haraguchi, Diego Sashaki"]
[WhiteFideId "319783"]
[BlackFideId "22729925"]
[WhiteElo "2610"]
[BlackElo "2341"]
[Result "1-0"]
[Round "2"]
[TimeControl "180+1"]
[Date "2023.08.01"]
[WhiteClock "0:02:59"]
[BlackClock "0:02:20"]
[Board "131"]

1. e4 e5 2. Bc4 Nf6 3. d4 exd4 4. Nf3 Nxe4 5. Qxd4 Nd6 6. O-O Nxc4 7. Re1+ Be7 8. Qxg7 Rf8 9. Bh6 d6 10. Qxf8+ Kd7 11. Qxf7 1-0


[Site "https://www.chess.com"]

[Event "Titled Tuesday Blitz August 1 Early 2023"]
[White "Vifleemskaia, Svetlana"]
[Black "Mendez Fortes, Eduardo Jesus"]
[WhiteFideId "4129490"]
[BlackFideId "3502376"]
[WhiteElo "2331"]
[BlackElo "2569"]
[Result "0-1"]
[Round "2"]
[TimeControl "180+1"]
[Date "2023.08.01"]
[WhiteClock "0:00:00"]
[BlackClock "0:00:57"]
[Board "132"]

1. d4 Nf6 2. c4 e6 3. Nc3 Bb4 4. e3 O-O 5. Ne2 Re8 6. a3 Bf8 7. Ng3 c5 8. d5 b5 9. Nxb5 exd5 10. cxd5 Bb7 11. Nc3 Re5 12. Bc4 d6 13. O-O Nbd7 14. e4 Nb6 15. Bd3 c4 16. Bc2 Nfd7 17. f4 Re8 18. Be3 g6 19. Bd4 Bg7 20. Bxg7 Kxg7 21. Qd4+ Qf6 22. Rad1 Qxd4+ 23. Rxd4 Nc5 24. Nb5 Red8 25. Rfd1 a6 26. Nc3 Rac8 27. e5 Ncd7 28. e6 Nc5 29. e7 Re8 30. Nge4 Nxe4 31. Nxe4 Rxe7 32. Nxd6 Rd8 33. Nxc4 Nxc4 34. Rxc4 Rxd5 35. Rxd5 Bxd5 36. Rd4 Bb7 37. Kf2 Rc7 38. Be4 Bc8 39. Rd2 Rc4 40. Ke3 Be6 41. h3 Rc5 42. g4 h5 43. Bf3 hxg4 44. hxg4 a5 45. b4 axb4 46. axb4 Rc4 47. Rd4 Rc3+ 48. Rd3 Rc4 49. b5 Rb4 50. f5 gxf5 51. gxf5 Bxf5 52. Rd5 Be6 53. Rc5 f5 54. Rc7+ Kf6 55. Bc6 Ke5 56. Re7 f4+ 57. Kf3 Rb3+ 58. Kf2 Kf6 59. Re8 Bg4 60. Rf8+ Ke5 61. Re8+ Kd6 62. Rf8 Rb2+ 63. Kf1 Ke5 64. Re8+ Kf6 65. Rf8+ Kg5 0-1


[Site "https://www.chess.com"]

[Event "Titled Tuesday Blitz August 1 Early 2023"]
[White "Gireman, Ja"]
[Black "Schut, Han"]
[WhiteFideId "5043794"]
[BlackFideId "1005561"]
[WhiteElo "2566"]
[BlackElo "2275"]
[Result "1-0"]
[Round "2"]
[TimeControl "180+1"]
[Date "2023.08.01"]
[WhiteClock "0:01:13"]
[BlackClock "0:00:03"]
[Board "133"]

1. e4 c5 2. Nf3 d6 3. d4 cxd4 4. Nxd4 Nf6 5. Nc3 a6 6. Rg1 e6 7. g4 h6 8. h4 d5 9. g5 Nxe4 10. g6 f5 11. Nxe4 dxe4 12. Bf4 Qxh4 13. Qd2 Qf6 14. O-O-O Bd7 15. Bc4 Nc6 16. Nb5 O-O-O 17. Qa5 Nxa5 18. Na7# 1-0


[Site "https://www.chess.com"]

[Event "Titled Tuesday Blitz August 1 Early 2023"]
[White "Martin, Lewis"]
[Black "AliNiknaddaf"]
[WhiteFideId "410551"]
[WhiteElo "2278"]
[BlackElo "2562"]
[Result "0-1"]
[Round "2"]
[TimeControl "180+1"]
[Date "2023.08.01"]
[WhiteClock "0:00:11"]
[BlackClock "0:01:08"]
[Board "134"]

1. e4 c5 2. Nf3 e6 3. d4 cxd4 4. Nxd4 Nc6 5. Nc3 Qc7 6. g3 d6 7. Bg2 Bd7 8. O-O a6 9. h3 Be7 10. Be3 Nf6 11. f4 O-O 12. Nde2 b5 13. a3 Rac8 14. g4 Na5 15. g5 Ne8 16. Qd3 Nc4 17. Bc1 Bc6 18. b3 Nb6 19. f5 d5 20. exd5 Bc5+ 21. Kh1 Nxd5 22. Nxd5 Bxd5 23. Bxd5 exd5 24. Bb2 Qb7 25. Rf3 Nd6 26. Raf1 Ne4 27. Nf4 d4 28. Kg2 Nxg5 29. Kg3 Rfe8 30. h4 Nxf3 31. Rxf3 Qe4 32. Qxe4 Rxe4 33. Nd5 Bd6+ 34. Kf2 Rxc2+ 0-1


[Site "https://www.chess.com"]

[Event "Titled Tuesday Blitz August 1 Early 2023"]
[White "Gardezi, Arsal"]
[Black "Aggelis, Nikolaos"]
[WhiteFideId "30949521"]
[BlackFideId "4213220"]
[WhiteElo "2260"]
[BlackElo "2544"]
[Result "1-0"]
[Round "2"]
[TimeControl "180+1"]
[Date "2023.08.01"]
[WhiteClock "0:00:16"]
[BlackClock "0:00:06"]
[Board "135"]

1. Nf3 f5 2. d4 Nf6 3. c4 g6 4. Nc3 Bg7 5. h3 O-O 6. Bf4 d6 7. e3 c6 8. Bd3 Nh5 9. Bh2 f4 10. O-O e5 11. dxe5 dxe5 12. Be4 Qc7 13. Rc1 Be6 14. Qe2 Nd7 15. exf4 Nxf4 16. Bxf4 Rxf4 17. Nd5 Bxd5 18. cxd5 Nf6 19. Ng5 Nxe4 20. Nxe4 Rd8 21. dxc6 bxc6 22. f3 Rd4 23. Kh1 Bf8 24. Qc2 c5 25. Qb3+ c4 26. Qb5 h5 27. Ng5 Qd7 28. Qxe5 Rf5 29. Qe6+ Qxe6 30. Nxe6 Rd2 31. Rxc4 Rxb2 32. Ra4 Rb7 33. Nxf8 Kxf8 34. Rc1 Kg7 35. Rc6 Rf6 36. Rxf6 Kxf6 37. Kh2 g5 38. h4 gxh4 39. Rxh4 Kg5 40. Ra4 Rc7 41. Kh3 Rg7 42. Ra6 Kf5 43. Ra5+ Kg6 44. Kh4 Kf6 45. g3 Rb7 46. Kxh5 Rb2 47. Kg4 Rb4+ 48. f4 Rb7 49. Ra6+ Kg7 50. Kg5 Rc7 51. f5 Kg8 52. g4 Rb7 53. f6 Kf7 54. Ra5 Rc7 55. Ra6 Rc5+ 56. Kh6 Rc2 57. Rxa7+ Kxf6 58. g5+ Kf5 59. g6 Rh2+ 60. Kg7 Rg2 61. Ra5+ Ke6 62. Kh7 Rh2+ 63. Kg7 Rg2 64. Ra6+ Kf5 65. Kf7 Rb2 66. g7 Rb7+ 67. Kg8 Rb8+ 68. Kh7 Kg5 69. g8=Q+ Kh5 70. Ra5+ Kh4 71. Qg5+ Kh3 72. Ra3+ Kh2 73. Qg3+ Kh1 74. Qh3+ Kg1 75. Rg3+ Kf2 76. Qg2+ Ke1 77. Re3+ Kd1 78. Qe2+ Kc1 79. Rc3+ Kb1 80. Qc2+ Ka1 81. Qc1+ Kxa2 82. Ra3# 1-0


[Site "https://www.chess.com"]

[Event "Titled Tuesday Blitz August 1 Early 2023"]
[White "Golubev, Mikhail"]
[Black "Putri, Regita Desyari"]
[WhiteFideId "14100983"]
[BlackFideId "7109083"]
[WhiteElo "2544"]
[BlackElo "2232"]
[Result "1-0"]
[Round "2"]
[TimeControl "180+1"]
[Date "2023.08.01"]
[WhiteClock "0:00:32"]
[BlackClock "0:00:07"]
[Board "136"]

1. e4 e5 2. Nf3 Nc6 3. Bc4 Bc5 4. c3 Nf6 5. d4 exd4 6. cxd4 Bb4+ 7. Nbd2 d5 8. exd5 Nxd5 9. O-O O-O 10. a3 Be7 11. Re1 Bg4 12. h3 Bh5 13. Ba2 Bf6 14. g4 Bg6 15. Ne4 Nb6 16. Nxf6+ Qxf6 17. d5 Nb8 18. Bg5 Qxb2 19. Re2 Qc3 20. Re3 Qc2 21. Qxc2 Bxc2 22. Rc1 Bg6 23. Rxc7 Na6 24. Rxb7 Nc5 25. Rc7 Na6 26. Rcc3 h6 27. Be7 Rfc8 28. d6 Rxc3 29. Rxc3 Re8 30. Ne5 Be4 31. Bxf7+ 1-0


[Site "https://www.chess.com"]

[Event "Titled Tuesday Blitz August 1 Early 2023"]
[White "ATM622"]
[Black "UgarteCesar"]
[WhiteElo "2541"]
[BlackElo "2212"]
[Result "1-0"]
[Round "2"]
[TimeControl "180+1"]
[Date "2023.08.01"]
[WhiteClock "0:00:34"]
[BlackClock "0:00:25"]
[Board "137"]

1. d4 d5 2. c4 e6 3. Nf3 h6 4. g3 Nf6 5. Bg2 Nbd7 6. O-O dxc4 7. a4 Bb4 8. Bd2 Bxd2 9. Nbxd2 O-O 10. Nxc4 c5 11. dxc5 Nxc5 12. b4 Nce4 13. Qc2 Bd7 14. Rfd1 Qe7 15. Nfe5 Ng5 16. h4 Ngh7 17. Nd6 Rab8 18. Bxb7 Rfd8 19. b5 Bxb5 20. axb5 Rxd6 21. Ba6 Rbd8 22. Nc6 Rxd1+ 23. Rxd1 Rxd1+ 24. Qxd1 Qc5 25. Qd8+ Nf8 26. Ne7+ Kh7 27. Qxf8 g5 28. Qxf7+ 1-0


[Site "https://www.chess.com"]

[Event "Titled Tuesday Blitz August 1 Early 2023"]
[White "Castillo Pena, Patricia Evarista"]
[Black "Chor, Kevin"]
[WhiteFideId "6412106"]
[BlackFideId "2090740"]
[WhiteElo "1993"]
[BlackElo "2539"]
[Result "0-1"]
[Round "2"]
[TimeControl "180+1"]
[Date "2023.08.01"]
[WhiteClock "0:01:08"]
[BlackClock "0:00:54"]
[Board "138"]

1. d4 Nf6 2. Nf3 g6 3. Nc3 d5 4. Bf4 c6 5. e3 Bg7 6. Be2 Bg4 7. Ne5 Bxe2 8. Qxe2 Nbd7 9. h4 h5 10. O-O-O Qa5 11. Rdg1 Nxe5 12. dxe5 Ne4 13. Nxe4 dxe4 14. Kb1 Bxe5 15. Bxe5 Qxe5 16. g4 O-O-O 17. gxh5 Rxh5 18. Rd1 Rxd1+ 19. Qxd1 Qf6 20. Qg4+ Qf5 21. Qe2 Qf3 22. Qxf3 exf3 23. Rh3 g5 24. Rxf3 Rxh4 25. a4 f6 26. a5 Ra4 27. Rf5 Kd7 28. b3 Ke6 29. Rxf6+ exf6 30. bxa4 Ke5 31. Kc1 Ke4 32. Kd2 Kf3 33. Ke1 a6 34. c3 c5 35. Kd2 Kxf2 36. Kd3 g4 37. Kc4 g3 38. Kxc5 g2 39. Kb6 g1=Q 40. Kxb7 Qf1 41. c4 Qxc4 0-1


[Site "https://www.chess.com"]

[Event "Titled Tuesday Blitz August 1 Early 2023"]
[White "Jones, Gawain C B"]
[Black "campochess"]
[WhiteFideId "409561"]
[WhiteElo "2909"]
[BlackElo "2217"]
[Result "1-0"]
[Round "2"]
[TimeControl "180+1"]
[Date "2023.08.01"]
[WhiteClock "0:01:45"]
[BlackClock "0:01:43"]
[Board "139"]

1. Nf3 c5 2. g3 Nc6 3. d4 cxd4 4. Nxd4 d5 5. Bg2 e5 6. Nxc6 bxc6 7. c4 Nf6 8. Nc3 Be6 9. Bg5 Bb4 10. cxd5 cxd5 11. Qa4+ Qd7 12. Qxb4 Rc8 13. Bxf6 gxf6 14. Rd1 d4 15. Ne4 Qe7 16. Qd6 Kf8 17. O-O Qxd6 18. Nxd6 Rc2 19. e3 Rxb2 20. exd4 Rxa2 21. Rfe1 Kg7 22. dxe5 fxe5 23. Rxe5 a5 24. Rg5+ Kf6 25. Ne4+ Ke7 26. Rb5 a4 27. Rb7+ Kf8 28. Nc5 Bc4 29. Bd5 Bxd5 30. Rxd5 Kg7 31. Rdd7 1-0


[Site "https://www.chess.com"]

[Event "Titled Tuesday Blitz August 1 Early 2023"]
[White "Perez Ponsa, Federico"]
[Black "Dobre, Claudiu-Cristian"]
[WhiteFideId "117927"]
[BlackFideId "1211854"]
[WhiteElo "2893"]
[BlackElo "2408"]
[Result "1-0"]
[Round "2"]
[TimeControl "180+1"]
[Date "2023.08.01"]
[WhiteClock "0:00:21"]
[BlackClock "0:00:00"]
[Board "140"]

1. e4 Nc6 2. Nf3 d6 3. d4 Nf6 4. Nc3 Bg4 5. d5 Ne5 6. Bb5+ c6 7. Nxe5 Bxd1 8. dxc6 dxe5 9. c7+ Qd7 10. Bxd7+ Nxd7 11. Kxd1 a6 12. Ke2 e6 13. Rd1 Rc8 14. a3 Rxc7 15. Be3 Bc5 16. Bxc5 Nxc5 17. Rd6 Ke7 18. Rad1 Rhc8 19. Rb6 Nd7 20. Rb4 Nb8 21. f3 Nc6 22. Rb6 Nd4+ 23. Kd2 Rd8 24. Kc1 Rxc3 25. Rxb7+ Ke8 26. Rxd4 exd4 27. bxc3 dxc3 28. Rb3 Rd2 29. g3 Rxh2 30. Rxc3 h5 31. f4 Rh3 32. Kb2 h4 33. gxh4 Rxh4 34. Rf3 Kd7 35. Kc3 Kc6 36. Kb4 f6 37. Ka5 Kb7 38. Rb3+ Kc7 39. Rf3 Kb7 40. c4 g6 41. c5 Kc6 42. Kxa6 Kxc5 43. a4 Kd4 44. a5 Kxe4 45. Rf1 Rh2 46. Kb7 Rb2+ 47. Kc7 Ra2 48. Kb6 e5 49. fxe5 Kxe5 50. a6 g5 51. a7 f5 52. Rc1 g4 53. Rc5+ Kf4 54. Ra5 Rb2+ 55. Ka6 Re2 56. a8=Q Re6+ 57. Kb5 Re5+ 58. Kc4 Rxa5 59. Qxa5 Kg3 60. Qxf5 1-0


[Site "https://www.chess.com"]

[Event "Titled Tuesday Blitz August 1 Early 2023"]
[White "Molina, Roberto Junio Brito"]
[Black "Federzoni, Enzo"]
[WhiteFideId "2109450"]
[BlackFideId "2173301"]
[WhiteElo "2855"]
[BlackElo "2405"]
[Result "1-0"]
[Round "2"]
[TimeControl "180+1"]
[Date "2023.08.01"]
[WhiteClock "0:00:55"]
[BlackClock "0:00:01"]
[Board "141"]

1. e4 e5 2. Nf3 Nc6 3. Bb5 a6 4. Ba4 Nf6 5. O-O b5 6. Bb3 Bc5 7. c3 d6 8. d4 Bb6 9. h3 O-O 10. a4 Rb8 11. axb5 axb5 12. Na3 b4 13. Nc4 exd4 14. cxd4 Nxe4 15. Nxb6 Rxb6 16. d5 Ne7 17. Be3 Rb8 18. Nd4 Nc5 19. Bc4 Bd7 20. Re1 Nf5 21. Nxf5 Bxf5 22. Bd4 Ra8 23. Rc1 Re8 24. Qd2 Qd7 25. Qxb4 Nd3 26. Bxd3 Bxd3 27. Rxe8+ Rxe8 28. Qc3 Be4 29. Bxg7 Bxd5 30. Qg3 Qf5 31. Rxc7 Qg6 32. Qxg6 hxg6 33. Bd4 Bb3 34. Kh2 d5 35. Rb7 Bc2 36. Rb5 Be4 37. f3 Bd3 38. Rxd5 Re2 39. Rd8+ 1-0


[Site "https://www.chess.com"]

[Event "Titled Tuesday Blitz August 1 Early 2023"]
[White "Shtembuliak, Evgeny"]
[Black "Ladan, Nicholas"]
[WhiteFideId "14113325"]
[BlackFideId "30918855"]
[WhiteElo "2843"]
[BlackElo "2404"]
[Result "1-0"]
[Round "2"]
[TimeControl "180+1"]
[Date "2023.08.01"]
[WhiteClock "0:00:19"]
[BlackClock "0:00:00"]
[Board "142"]

1. c4 e5 2. Nc3 Nc6 3. Nf3 g6 4. h4 h6 5. h5 g5 6. d4 exd4 7. Nxd4 Nxd4 8. Qxd4 Qf6 9. Be3 Bg7 10. O-O-O Qxd4 11. Bxd4 Bxd4 12. Rxd4 Nf6 13. Rh3 a6 14. c5 O-O 15. Rf3 Kg7 16. e4 Re8 17. Bc4 Re5 18. Nd5 Nxd5 19. Bxd5 f6 20. Rc3 Rb8 21. f3 Kf8 22. b4 Ke7 23. a3 Kd8 24. Rdc4 Ra8 25. Kd2 Rb8 26. Ke3 b5 27. Rd4 Ke7 28. g3 Kf8 29. Bb3 Ra8 30. a4 c6 31. a5 Rb8 32. Rd6 Ke7 33. Kd4 Rb7 34. Rc2 Rc7 35. Rh2 Bb7 36. f4 gxf4 37. gxf4 Re6 38. Bxe6 dxe6 39. Rg2 Kf7 40. e5 f5 41. Rg6 Rc8 42. Rd7+ Kf8 43. Rxb7 Rd8+ 44. Ke3 Rd1 45. Rxh6 Re1+ 46. Kf2 Kg8 47. Kxe1 1-0


[Site "https://www.chess.com"]

[Event "Titled Tuesday Blitz August 1 Early 2023"]
[White "Der_Balak_3Halak"]
[Black "Wong, Yinn Long"]
[BlackFideId "5707684"]
[WhiteElo "2401"]
[BlackElo "2800"]
[Result "0-1"]
[Round "2"]
[TimeControl "180+1"]
[Date "2023.08.01"]
[WhiteClock "0:00:04"]
[BlackClock "0:00:24"]
[Board "143"]

1. b3 d5 2. Bb2 Bg4 3. h3 Bh5 4. f4 e5 5. Nf3 e4 6. Ng5 h6 7. g4 hxg5 8. gxh5 gxf4 9. h4 Be7 10. Qc1 Bxh4+ 11. Kd1 Bf6 12. Nc3 Nc6 13. Bg2 Qd6 14. d3 O-O-O 15. Rf1 Bg5 16. Qd2 f5 17. Bh3 Nge7 18. Nb5 Qc5 19. a4 Rxh5 20. Ba3 Qb6 21. Rh1 f3 22. Qe1 f2 23. Qf1 a6 24. Nc3 Bf6 25. Bb2 Qc5 26. Rb1 Bxc3 27. Bxc3 Qxc3 28. Qxf2 Rdh8 29. Qf1 e3 30. Kc1 Nd4 31. Rb2 Qd2+ 32. Kb1 Nxe2 33. c4 Qxd3+ 34. Ka2 Nc3+ 35. Ka3 Qxf1 36. Rxf1 Rxh3 37. Rg2 e2 38. Re1 Rh1 39. Rxg7 Rxe1 40. Rxe7 Ra1+ 41. Kb4 e1=Q 42. Kc5 Qxe7+ 43. Kd4 Ne2+ 44. Kd3 Rh3+ 45. Kd2 Qe3+ 46. Kc2 Nd4+ 47. Kb2 Qc3# 0-1


[Site "https://www.chess.com"]

[Event "Titled Tuesday Blitz August 1 Early 2023"]
[White "JonSnowNW1"]
[Black "Basso, Pier Luigi"]
[BlackFideId "866970"]
[WhiteElo "2399"]
[BlackElo "2777"]
[Result "0-1"]
[Round "2"]
[TimeControl "180+1"]
[Date "2023.08.01"]
[WhiteClock "0:00:00"]
[BlackClock "0:02:35"]
[Board "144"]

1. c4 c6 2. e4 d5 3. cxd5 cxd5 4. exd5 Nf6 5. Bb5+ Nbd7 6. Nc3 g6 7. Nf3 Bg7 8. O-O O-O 9. d4 Nb6 10. Bd3 Nfxd5 11. h3 Nb4 12. Bb1 Nc6 13. Be3 Be6 14. Re1 Rc8 15. Bd3 Nb4 16. Be4 N4d5 17. Bd2 Nc4 18. Ng5 Nxb2 0-1


[Site "https://www.chess.com"]